AoeStats
← 依然小乔

Arabia

503808547Analyzed
1v1 RM · 28d ago on Sep 2, 2026· 46m 14s· 2 players
Game mode
Random Map
Map size
Tiny (2 player)
Population
200
Speed
Normal
Resources
Standard
Victory
Conquest
Starting age
Dark Age
Ending age
Imperial Age
RankedLock teamsTeams togetherTeam positionsShared explorationLock speedFull tech treeHidden civsTurbo modeCheats
Victory
Defeat
🇨🇳 Burgundians · China
923
+16
🇨🇳 Slavs · China
917
-16
依然小乔
10:40 Feudal Age
11:57 Horse Collar
15:11 Double-Bit Axe
18:30 Castle Age
17:18 Fletching
17:28 Scale Mail Armor
17:56 Gold Mining
19:11 Padded Archer Armor
19:20 Heavy Plow
19:24 Loom
19:45 Pikeman
22:26 Squires
22:58 Bodkin Arrow
23:59 Chain Mail Armor
24:52 Bow Saw
24:34 Stone Mining
24:32 Town Watch
26:52 Wheelbarrow
27:36 Bloodlines
27:33 Husbandry
28:41 Light Cavalry
29:47 Hand Cart
30:18 Leather Archer Armor
34:49 Gold Shaft Mining
37:18 Imperial Age
35:42 Sanctity
35:59 Town Patrol
36:13 Forging
38:20 Iron Casting
37:52 Scale Barding Armor
38:00 Detinets
38:21 Conscription
39:58 Onager
40:44 Elite Skirmisher
42:52 Halberdier
Xiaofan
7:53 Loom
11:08 Feudal Age
16:26 Castle Age
15:34 Double-Bit Axe
16:13 Horse Collar
19:36 Gold Mining
24:35 Scale Barding Armor
26:15 Wheelbarrow
28:39 Forging
30:07 Bow Saw
30:43 Stone Mining
34:23 Imperial Age
32:11 Hand Cart
33:25 Padded Archer Armor
33:16 Fletching
34:44 Leather Archer Armor
36:11 Chemistry
37:15 Bodkin Arrow
37:45 Ballistics
38:08 Gold Shaft Mining
38:57 Chain Barding Armor
40:01 Conscription
43:29 Town Watch
44:23 Stone Shaft Mining
43:51 Elite Skirmisher
Connection lost

Rejoining the realm…

Still unreachable

The connection could not be restored.

Session expired

The server has moved on; the page needs a fresh start.